[Event "Early-Titled-Tuesday-Blitz-September-05-2023"]
[Site "Chess.com"]
[Date "2023.09.05"]
[Round "5"]
[White "Hope_6"]
[Black "MathiasWomacka"]
[Result "1-0"]
[WhiteElo "2706"]
[BlackElo "2491"]
[TimeControl "180+1"]
[EndTime "8:54:24 PDT"]
[Termination "Hope_6 won by resignation"]

1. d4 Nf6 2. c4 e6 3. Nf3 Bb4+ 4.
Nbd2 O-O 5. a3 Be7 6. e4 d5 7. e5 Nfd7 8. Bd3 c5 9. O-O Nc6 10.
Re1 a5 11. Qc2 h6 12. Nb3 b6 13. dxc5 bxc5 14. Bf4 Qb6 15. Rab1 dxc4 16. Bxc4 Ba6 17. Nbd2 Nd4 18. Qc3 Bxc4 19. Nxc4 Nxf3+ 20. Qxf3 Qb5 21. Rbc1 Nb6 22. Nxb6 Qxb6 23. Re2 Rfd8 24. Rec2 Rd5 25. Qe4 Rad8 26. g3 Qb3 27. Be3 Rd1+ 28. Rxd1 Rxd1+ 29. Kg2 Rd5 30. a4 Rxe5 31. Qxe5 Qxc2 32. Qc7 Bf6 33.
Qxa5 c4 34. Qa8+ Kh7 35. a5 Qxb2 36. a6 c3 37. a7 c2 38. Qe4+ g6 39. a8=Q c1=Q 40.
Bxc1 Qxc1 41. Qf4 Kg7 42. Qxc1 1-0

[Event "Early-Titled-Tuesday-Blitz-September-05-2023"]
[Site "Chess.com"]
[Date "2023.09.05"]
[Round "5"]
[White "Keeper0416"]
[Black "Truequitos"]
[Result "1-0"]
[WhiteElo "2589"]
[BlackElo "2425"]
[TimeControl "180+1"]
[EndTime "8:54:24 PDT"]
[Termination "Keeper0416 won by resignation"]

1. d4 Nf6 2. Bf4 d6 3. c4 g6 4. Nc3 Bg7 5. h4 h6 6. Qd2 Nc6 7. d5 Ne5 8. e4 e6 9. O-O-O exd5 10. cxd5 Qe7 11. f3 Bd7 12. Qe3 Nh5 13. Bh2 O-O 14. g4 Nf6 15. Bf4 c6 16. dxc6 bxc6 17. Be2 Rfe8 18.
Bxh6 Bh8 19. h5 Rab8 20. Rd2 d5 21. hxg6 fxg6 22. Bg5 Nf7 23. Nh3 dxe4 24. f4 Qe6 25. f5 Qe5 26. Bf4 Qa5 27. Bxb8 Nd5 28. Rxd5 cxd5 29.
fxg6 Ne5 30. Bxe5 Bxe5 31. Qh6 Bg7 32. Qh7+ Kf8 33. Rf1+ Ke7 34. Qxg7+ Kd8 35. Qf6+ Kc8 36. Qd4 Re6 37. g7 1-0

[Event "Early-Titled-Tuesday-Blitz-September-05-2023"]
[Site "Chess.com"]
[Date "2023.09.05"]
[Round "5"]
[White "AleksandraMilovic"]
[Black "Chessdemon2019"]
[Result "0-1"]
[WhiteElo "2124"]
[BlackElo "2409"]
[TimeControl "180+1"]
[EndTime "8:54:24 PDT"]
[Termination "Chessdemon2019 won by checkmate"]

1. e4 c5 2. Nf3 d6 3. Bb5+ Nd7 4.
c4 Nf6 5. Nc3 g6 6. O-O Bg7 7.
d4 O-O 8. Re1 cxd4 9. Nxd4 a6 10. Ba4 Nc5 11. Bc2 e5 12. Nde2 Rb8 13. Bg5 Be6 14.
Bxf6 Qxf6 15. Nd5 Bxd5 16. Qxd5 Rfd8 17. Nc3 Ne6 18. Ne2 b5 19. b3 bxc4 20. Qxc4 Rdc8 21. Qd3 Nc5 22. Qd2 Qe7 23. Red1 Rc6 24. b4 Ne6 25. Ba4 Rcb6 26. a3 f5 27. exf5 gxf5 28. Rac1 Kh8 29. Nc3 Nf4 30. g3 Qg5 31. Nd5 R6b7 32. Nxf4 exf4 33. Qxd6 fxg3 34. Qxg3 Qe7 35. Rd7 Rxd7 36. Qxb8+ Rd8 37. Qf4 Be5 38. Qe3 Rg8+ 39. Kh1 Qf6 40. Qh3 Qg5 41. Rf1 Qf4 42. Bc6 Rg4 43. f3 Rh4 44.
Qg2 Rxh2+ 45. Kg1 Rxg2+ 46. Kxg2 Qh2# 0-1

[Event "Early-Titled-Tuesday-Blitz-September-05-2023"]
[Site "Chess.com"]
[Date "2023.09.05"]
[Round "5"]
[White "BlueWizzard"]
[Black "mamey78"]
[Result "1-0"]
[WhiteElo "2902"]
[BlackElo "2652"]
[TimeControl "180+1"]
[EndTime "8:54:25 PDT"]
[Termination "BlueWizzard won on time"]

1. e4 e5 2. d4 exd4 3. Nf3 Nc6 4.
Nxd4 Nf6 5. Nxc6 bxc6 6. Bd3 d5 7. Nc3 Bb4 8. exd5 O-O 9. O-O Bg4 10. Ne2 cxd5 11.
Bg5 h6 12. Bh4 Re8 13. c3 Bc5 14. Qc2 g5 15. Bg3 Ne4 16. Nd4 Bd7 17. b4 Bb6 18. Rae1 f5 19. Bxe4 dxe4 20. f4 exf3 21. Qb3+ Kg7 22.
Rxe8 Qxe8 23. Re1 Qf7 24. Bf2 Qxb3 25. axb3 Bxd4 26. Bxd4+ Kf7 27. gxf3 a6 28. Ra1 h5 29.
Ra5 Kg6 30. c4 Bc6 31. Kf2 Bb7 32. Rc5 c6 33. Re5 Rd8 34. Bc5 Bc8 35. Re7 f4 36. Rc7 Bh3 37. Rxc6+ Kf5 38. Rd6 Rxd6 39. Bxd6 g4 40. b5 axb5 41. cxb5 h4 42. fxg4+ 1-0

[Event "Early-Titled-Tuesday-Blitz-September-05-2023"]
[Site "Chess.com"]
[Date "2023.09.05"]
[Round "5"]
[White "ErikRonka"]
[Black "Irina_Mikhaylova"]
[Result "1/2-1/2"]
[WhiteElo "2490"]
[BlackElo "2310"]
[TimeControl "180+1"]
[EndTime "8:54:25 PDT"]
[Termination "Game drawn by repetition"]

1. e4 c5 2. Nf3 Nc6 3. d4 cxd4 4. Nxd4 e5 5. Nb5 d6 6. N1c3 a6 7. Na3 b5 8. Nd5 Nge7 9. c4 Nd4 10. Bd3 Nxd5 11.
cxd5 Be7 12. O-O O-O 13. Be3 Bd7 14. Bxd4 exd4 15. Nc2 Bf6 16. f4 Re8 17. Ne1 Rc8 18.
h3 g6 19. Nf3 Qb6 20. Kh2 Bg7 21. Qd2 Re7 22. f5 gxf5 23. exf5 Re3 24. Rad1 Rce8 25.
Qf2 Qd8 26. Kh1 Be5 27. Ne1 Qg5 28. Nf3 Qf4 29. g3 Qh6 30. Kg2 Kh8 31. Rfe1 Rg8 32. g4 Qf4 33. Nxe5 Qxe5 34. Rxe3 dxe3 35. Qf3 Re8 36.
Re1 f6 37. Re2 h6 38. Qg3 Qxd5+ 39. Qf3 Qxd3 40. Qf4 Bc6+ 41. Kg3 Qxe2 42. Qxh6+ Kg8 43. Qg6+ Kf8 44. Qxf6+ Kg8 45. Qg6+ Kf8 46. Qf6+ Kg8 47. Qg6+ Kf8 48. Qf6+ 1/2-1/2

[Event "Early-Titled-Tuesday-Blitz-September-05-2023"]
[Site "Chess.com"]
[Date "2023.09.05"]
[Round "5"]
[White "emirgulbeyaz"]
[Black "WelshTiger"]
[Result "1-0"]
[WhiteElo "2361"]
[BlackElo "2471"]
[TimeControl "180+1"]
[EndTime "8:54:29 PDT"]
[Termination "emirgulbeyaz won on time"]

1. d4 Nf6 2. Bf4 g6 3. Nc3 d5 4. e3 c6 5. h4 h6 6. Nf3 Bg7 7. Ne5 Nbd7 8. Bd3 Nxe5 9. Bxe5 Bf5 10. Bxf5 gxf5 11. Qf3 e6 12. O-O-O Qe7 13. Kb1 Rg8 14.
Ne2 Ne4 15. Bxg7 Rxg7 16. Nf4 Qb4 17. Ka1 a5 18. Qe2 a4 19. a3 Qb6 20. Nh5 Rg6 21.
f3 Nd6 22. Nf4 Rg8 23. Nd3 Ra5 24. Rhg1 Rb5 25. g4 fxg4 26. Rxg4 Rg5 27. hxg5 Nc4 28. c3 Rb3 29. Nb4 hxg5 30. Rb1 c5 31. dxc5 Qxc5 32. Rxg5 Nxa3 33. Rg8+ Ke7 34. Qg2 Qxe3 35. Qg7 1-0

[Event "Early-Titled-Tuesday-Blitz-September-05-2023"]
[Site "Chess.com"]
[Date "2023.09.05"]
[Round "5"]
[White "ZuraTqebuchava"]
[Black "CristianS27"]
[Result "0-1"]
[WhiteElo "2264"]
[BlackElo "2513"]
[TimeControl "180+1"]
[EndTime "8:54:30 PDT"]
[Termination "CristianS27 won on time"]

1. e4 e5 2. Nf3 Nc6 3. Bb5 a6 4. Ba4 Nf6 5. O-O Nxe4 6. Re1 Nc5 7. Bxc6 dxc6 8. Nxe5 Be7 9. d4 Ne6 10. c3 O-O 11. h3 f6 12. Nf3 Rf7 13. Nbd2 c5 14. Nb3 cxd4 15. cxd4 Qd5 16. Be3 b6 17. Rc1 Bb7 18. Qd3 Rd8 19. Qf1 Bb4 20. Red1 Rfd7 21. Qc4 Qxc4 22. Rxc4 Bxf3 23. gxf3 a5 24. a3 Bf8 25. Rdc1 Kf7 26. Kg2 b5 27. Rc6 a4 28.
Na5 f5 29. f4 g5 30. Kf3 gxf4 31. Rxe6 Kxe6 32. Bxf4 Bd6 33. Bxd6 Rxd6 34. Nb7 Rxd4 35. Nxd8+ Rxd8 36. Rxc7 Rd2 37. Rxh7 Rxb2 38. Rh6+ Ke5 39. Rb6 Kd5 40. h4 Kc5 41. Rb8 Rb3+ 42. Kf4 Rxa3 43. h5 b4 44. h6 Rh3 45. Kg5 a3 46. Rc8+ Kd6 47. Rd8+ Ke7 48. Rd4 a2 49. Rd1 b3 0-1

[Event "Early-Titled-Tuesday-Blitz-September-05-2023"]
[Site "Chess.com"]
[Date "2023.09.05"]
[Round "5"]
[White "lacafi"]
[Black "Lady_Nika"]
[Result "1-0"]
[WhiteElo "2226"]
[BlackElo "2473"]
[TimeControl "180+1"]
[EndTime "8:54:31 PDT"]
[Termination "lacafi won by resignation"]

1. d4 d5 2. Nf3 e6 3. e3 Nf6 4.
Bd3 Bd6 5. Nbd2 Nbd7 6. Qe2 c5 7. c3 O-O 8. e4 dxe4 9. Nxe4 Nxe4 10. Bxe4 Nf6 11. Bc2 cxd4 12. Nxd4 e5 13. Nf5 Bxf5 14. Bxf5 e4 15. O-O Re8 16. Bg5 h6 17. Bh4 Qa5 18.
Bxf6 Qxf5 19. Bd4 Re6 20. Rad1 Rae8 21. Be3 Rg6 22. Kh1 Ree6 23. a3 Rxg2 24. Rxd6 Rxd6 25.
Kxg2 h5 26. Kh1 h4 27. Rg1 h3 28. Bd4 g6 29. Qg4 Qd5 30. Qxh3 Kf8 31. Qc8+ Ke7 32. Qc7+ Ke6 33. Qc5 Qxc5 34. Bxc5 Rd2 35. b4 Ra2 36. Bxa7 Rxa3 37. Bd4 Ra2 38. Re1 Kd5 39. Kg2 f5 40. Kg3 g5 41. h4 f4+ 42. Kg4 gxh4 43.
Kxh4 f3 44. Kg4 Ra8 45. Kf4 Rf8+ 46. Ke3 Ra8 47. Rh1 Re8 48. Rh5+ Kc4 49. Re5 Rf8 50. Rxe4 Kb3 51. Rf4 Re8+ 52. Kxf3 b5 53. Re4 Rf8+ 54. Ke3 Rg8 55. f4 Rg3+ 56. Kf2 Rg8 57. f5 Kc2 58. f6 Kd3 59. Rf4 1-0

[Event "Early-Titled-Tuesday-Blitz-September-05-2023"]
[Site "Chess.com"]
[Date "2023.09.05"]
[Round "5"]
[White "ilushka"]
[Black "ferrufino64"]
[Result "1-0"]
[WhiteElo "2395"]
[BlackElo "2138"]
[TimeControl "180+1"]
[EndTime "8:54:31 PDT"]
[Termination "ilushka won on time"]

1. e4 c5 2. Nf3 d6 3. Bb5+ Bd7 4.
a4 a6 5. Bxd7+ Nxd7 6. O-O Ngf6 7. Re1 e6 8. c3 Be7 9. d4 O-O 10. Bg5 Rc8 11. Na3 Re8 12. Qd3 cxd4 13. cxd4 d5 14. Bxf6 Nxf6 15. e5 Ne4 16. Rec1 Qb6 17. Rcb1 Rc7 18.
Nc2 Rec8 19. Ne3 Qb4 20. h4 g6 21. g3 h5 22. Kg2 Kg7 23. Ne1 Qd2 24. Rd1 Qxd3 25. Nxd3 g5 26. f3 Rc2+ 27. Nxc2 Rxc2+ 28. Kh3 g4+ 29. fxg4 hxg4+ 30. Kxg4 Nf2+ 31. Nxf2 Rxf2 32. Rac1 Kg6 33. Rc7 1-0

[Event "Early-Titled-Tuesday-Blitz-September-05-2023"]
[Site "Chess.com"]
[Date "2023.09.05"]
[Round "5"]
[White "Beca95"]
[Black "Karacsonyi_Gellert"]
[Result "1-0"]
[WhiteElo "2992"]
[BlackElo "2820"]
[TimeControl "180+1"]
[EndTime "8:54:33 PDT"]
[Termination "Beca95 won by resignation"]

1. d4 Nf6 2. c4 e6 3. Nc3 Bb4 4. Qc2 O-O 5. Nf3 d5 6. Bg5 b6 7.
cxd5 exd5 8. e3 Bb7 9. Bd3 h6 10. Bh4 Nbd7 11. O-O Be7 12. Bg3 a6 13. Rad1 c5 14.
dxc5 Nxc5 15. Bf5 Qe8 16. Be5 g6 17. Bh3 Nce4 18. Bd4 Bc5 19. g3 Nxc3 20. Qxc3 Ne4 21. Qb3 Qb5 22. Qc2 Rad8 23. Ne5 Bc8 24. Bg2 Bf5 25. g4 Be6 26. f3 Bxd4 27. Rxd4 Rc8 28. Qb1 Ng5 29. h4 Nh7 30. Nxg6 fxg6 31. Qxg6+ Kh8 32.
Qxe6 Rc2 33. Qe5+ Kg8 34. g5 Qe2 35. Rg4 h5 36. Rg3 Rxb2 37. Qxd5+ Kg7 38. Qe5+ Kg8 39.
f4 Rf7 40. g6 1-0

[Event "Early-Titled-Tuesday-Blitz-September-05-2023"]
[Site "Chess.com"]
[Date "2023.09.05"]
[Round "5"]
[White "Roman_Ovetchkin"]
[Black "hansen"]
[Result "0-1"]
[WhiteElo "2639"]
[BlackElo "2871"]
[TimeControl "180+1"]
[EndTime "8:54:35 PDT"]
[Termination "hansen won on time"]

1. d4 Nf6 2. c4 g6 3. Nc3 d5 4.
cxd5 Nxd5 5. Na4 Bg7 6. e4 Nb6 7. Be3 O-O 8. Be2 f5 9. exf5 Bxf5 10. Nc5 Nc6 11. Nf3 Kh8 12. Nxb7 Qb8 13. Nc5 Nd5 14. Qb3 Nxe3 15. fxe3 e5 16. Bb5 Qb6 17. Qa4 exd4 18. Bxc6 dxe3 19. Bxa8 Qxc5 20. O-O Rxa8 21. Rac1 Qb6 22.
Qb3 Bxb2 23. Qxb6 cxb6 24. Rc7 Ba3 25. Re1 Bc5 26. h3 a5 27. Ng5 h5 28. g4 hxg4 29. hxg4 Bd3 30. Nf7+ Kg8 31. Ne5 Be4 32. Nd7 Bd4 33. Re2 Bf3 34. Kf1 Bxe2+ 35. Kxe2 Re8 36. g5 Re7 0-1

[Event "Early-Titled-Tuesday-Blitz-September-05-2023"]
[Site "Chess.com"]
[Date "2023.09.05"]
[Round "5"]
[White "korbul"]
[Black "Qvalda"]
[Result "0-1"]
[WhiteElo "2602"]
[BlackElo "2371"]
[TimeControl "180+1"]
[EndTime "8:54:36 PDT"]
[Termination "Qvalda won by checkmate"]

1. e4 e6 2. d4 d5 3. e5 c5 4. c3 Qb6 5. Nf3 Bd7 6. a3 Bb5 7. b4 cxd4 8. Bxb5+ Qxb5 9. cxd4 Nc6 10. Nc3 Qc4 11.
Ne2 a5 12. Bd2 axb4 13. axb4 Rxa1 14. Qxa1 Bxb4 15. Qa8+ Nd8 16. Qa4+ Nc6 17. Bxb4 Qxb4+ 18. Qxb4 Nxb4 19. Kd2 Ne7 20. Nc3 Kd7 21. Ra1 Nec6 22. Nb5 f6 23. h4 fxe5 24. dxe5 Rf8 25. Kc3 Rf4 26. Ra8 Rc4+ 27. Kd2 Re4 28. Rg8 Nxe5 29. Rxg7+ Kc6 30. Nxe5+ Rxe5 31. Nd4+ Kc5 32. Nf3 Re4 33. Rxh7 b5 34. h5 Nc6 35. h6 Nd4 36. Ng5 Rh4 37. Rh8 Kb4 38. h7 Nb3+ 39. Ke2 Nd4+ 40. Kd3 Nf5 41. Re8 e5 42. Re6 e4+ 43. Ke2 Nd4+ 44. Ke3 Nxe6 45. Nxe6 Rxh7 46. Nd4 Ra7 47. Nc6+ Kc3 48.
Ne5 b4 49. Nd3 exd3 50. f4 d4+ 51. Kf3 b3 52. f5 b2 53. f6 b1=Q 54. f7 Rxf7+ 55.
Kg4 Rf8 56. Kg5 Qg1 57. Kg6 Qxg2+ 58. Kh7 Rf1 59. Kh6 Rh1# 0-1

[Event "Early-Titled-Tuesday-Blitz-September-05-2023"]
[Site "Chess.com"]
[Date "2023.09.05"]
[Round "5"]
[White "enkhtuul"]
[Black "Gyulamiryan-koryun"]
[Result "1-0"]
[WhiteElo "2362"]
[BlackElo "2059"]
[TimeControl "180+1"]
[EndTime "8:54:36 PDT"]
[Termination "enkhtuul won by checkmate"]

1. d4 Nf6 2. Nf3 d5 3. g3 c6 4.
Bg2 e6 5. O-O Bd6 6. Nbd2 h5 7.
c4 h4 8. Qc2 hxg3 9. hxg3 Nh5 10.
e4 Bxg3 11. fxg3 Nxg3 12. exd5 Nxf1 13. Nxf1 exd5 14. cxd5 Qxd5 15. Qe2+ Be6 16. Be3 Qh5 17. Bf4 Nd7 18. b4 Nf6 19. Ng3 Qd5 20. a4 Nh5 21. Nxh5 Qxh5 22. b5 Qg4 23. Be5 O-O 24. bxc6 bxc6 25.
Re1 Bd5 26. Bd6 Rfe8 27. Qf2 Rxe1+ 28. Nxe1 Re8 29. Bg3 Bxg2 30. Nxg2 Re6 31. Nf4 Rd6 32. Kg2 Rh6 33. Qf3 Qd7 34. Qe4 Rf6 35. Nd3 Rh6 36.
Nf4 Qb7 37. Qe8+ Kh7 38. Qxf7 c5+ 39. Qxb7 cxd4 40. Qe4+ Kh8 41. Ng6+ Kg8 42. Ne7+ Kf8 43. Nf5 Rf6 44. Qe7+ Kg8 45. Qxg7# 1-0

[Event "Early-Titled-Tuesday-Blitz-September-05-2023"]
[Site "Chess.com"]
[Date "2023.09.05"]
[Round "5"]
[White "ckgchess"]
[Black "OparinGrigoriy"]
[Result "1/2-1/2"]
[WhiteElo "2885"]
[BlackElo "2993"]
[TimeControl "180+1"]
[EndTime "8:54:37 PDT"]
[Termination "Game drawn by repetition"]

1. e4 c5 2. c3 d5 3. exd5 Qxd5 4. d4 Nf6 5. Nf3 e6 6. Na3 a6 7. Nc4 Nbd7 8. Be2 b5 9. Ne3 Qc6 10. a4 Bb7 11. axb5 axb5 12. Rxa8+ Bxa8 13. O-O Be7 14. dxc5 Qxc5 15. Qd3 b4 16. Bd2 bxc3 17. Bxc3 O-O 18.
b4 Qb6 19. Nc4 Qb8 20. Nce5 Nxe5 21. Nxe5 Nd5 22. Nd7 Qb7 23. Nxf8 Bxf8 24. Bf3 Qc7 25. Bd2 Qb6 26. b5 Bb7 27. h3 h6 28. Rc1 Bc5 29. Qe2 Bd4 30. Bxd5 Bxd5 31. Rc8+ Kh7 32. Qd3+ f5 33.
Be3 Qb7 34. Bxd4 Qxc8 35. Qg3 Qd7 36. b6 Bb7 37. Qe5 Kg8 38. f3 Qf7 39. Qb8+ Kh7 40. Qe5 Qd7 41. h4 h5 42. Kh2 Qe7 43. Kg3 Qf7 44.
Kf4 Qe7 45. Kg3 Kg6 46. Bc3 Qd7 47. Bd4 Qe7 48. Qf4 Kf7 49. Qe5 Kg6 1/2-1/2

[Event "Early-Titled-Tuesday-Blitz-September-05-2023"]
[Site "Chess.com"]
[Date "2023.09.05"]
[Round "5"]
[White "VitaliyBernadskiy"]
[Black "Boundless_Strike"]
[Result "1-0"]
[WhiteElo "2826"]
[BlackElo "2542"]
[TimeControl "180+1"]
[EndTime "8:54:38 PDT"]
[Termination "VitaliyBernadskiy won by checkmate"]

1. e4 d6 2. d4 e5 3. Nc3 Nd7 4.
Bc4 Ngf6 5. Nf3 h6 6. O-O c6 7. a4 Be7 8. Re1 Qc7 9. Bb3 g5 10. Be3 Rg8 11. a5 Nf8 12. d5 a6 13. Na4 Ng6 14.
Nb6 Rb8 15. dxc6 bxc6 16. Nd2 Nf4 17. Ndc4 Be6 18. Ba4 Kf8 19. Nd2 h5 20. Bb3 Bc8 21. Bc4 h4 22. Bf1 N6h5 23. Ndc4 g4 24. Nxc8 Rxc8 25. Nb6 Rb8 26. Bxa6 g3 27. fxg3 hxg3 28. h3 d5 29. exd5 cxd5 30. Nxd5 Qc6 31. Bxf4 Nxf4 32. Nxf4 exf4 33. Bd3 Bc5+ 34. Kh1 f3 35. Be4 fxg2+ 36. Bxg2 Qd6 37. Qxd6+ Bxd6 38. a6 Rxb2 39. a7 Kg7 40. a8=Q Rxa8 41. Rxa8 Rxc2 42. Rd8 Rd2 43. Rf1 Kg6 44. Be4+ Kg5 45. Rg8+ Kh6 46. Rf6+ Kh5 47. Bf3+ Kh4 48. Rh6# 1-0

[Event "Early-Titled-Tuesday-Blitz-September-05-2023"]
[Site "Chess.com"]
[Date "2023.09.05"]
[Round "5"]
[White "Chernov_Mikhail"]
[Black "nassimzrikem"]
[Result "1-0"]
[WhiteElo "2417"]
[BlackElo "2233"]
[TimeControl "180+1"]
[EndTime "8:54:40 PDT"]
[Termination "Chernov_Mikhail won on time"]

1. e4 c5 2. Nf3 d6 3. d4 cxd4 4. Nxd4 Nf6 5. Nc3 a6 6. Bc4 e6 7. Bb3 b5 8. Bg5 Be7 9. Qf3 Bb7 10. Bxe6 O-O 11. Bb3 Nbd7 12. O-O Ne5 13. Qe2 Rc8 14. f3 Nxe4 15. Nxe4 Bxg5 16. f4 Qb6 17. c3 Bf6 18. fxe5 dxe5 19. Nxf6+ gxf6 20. Kh1 exd4 21. Rf4 f5 22. Rxd4 Kh8 23. Bd5 Rg8 24. Qf3 Bxd5 25. Rxd5 Qg6 26. Rxf5 Rcd8 27. Rd5 Rde8 28. Rf1 Re3 29. Qf2 f5 30. Rxf5 Re4 31. Rf6 Qg5 32. Rf5 Qg6 33. Rf3 Rg4 34. Rg3 Qh5 35. Qf6+ R4g7 36. Rxg7 Rxg7 37. Re1 h6 38. h3 1-0

[Event "Early-Titled-Tuesday-Blitz-September-05-2023"]
[Site "Chess.com"]
[Date "2023.09.05"]
[Round "5"]
[White "Lennis93"]
[Black "Sargsyan_Shant"]
[Result "0-1"]
[WhiteElo "2817"]
[BlackElo "2945"]
[TimeControl "180+1"]
[EndTime "8:54:41 PDT"]
[Termination "Sargsyan_Shant won by checkmate"]

1. Nf3 g6 2. e4 Bg7 3. d4 c6 4.
h3 d6 5. c4 e5 6. dxe5 dxe5 7.
Qxd8+ Kxd8 8. Nc3 Kc7 9. Be3 f6 10. Bc5 Nd7 11. Ba3 Bf8 12. Bxf8 Nxf8 13. c5 Ne6 14. b4 a5 15. b5 Nxc5 16. Rc1 Ne7 17. Bc4 Rd8 18. Ke2 Be6 19. Bxe6 Nxe6 20. bxc6 Nf4+ 21.
Kf1 bxc6 22. g3 Nd3 23. Rc2 Nb4 24. Rc1 Nd3 25. Rc2 Rab8 26. Ke2 Nb4 27. Rd2 Rxd2+ 28. Nxd2 Nc2 29. Rc1 Nd4+ 30. Ke3 Rb4 31. f4 Kd7 32. fxe5 fxe5 33. Rf1 Nb5 34. Ne2 Ra4 35. Nc1 Ra3+ 36.
Nd3 Ke8 37. Nc4 Rxa2 38. Ncxe5 a4 39. Nb4 Ra3+ 40. Kf4 Nd4 41. Rd1 Ne6+ 42. Kg4 h5+ 43. Kh4 Re3 44. Nbxc6 Rxe4+ 45. g4 Nf5# 0-1

[Event "Early-Titled-Tuesday-Blitz-September-05-2023"]
[Site "Chess.com"]
[Date "2023.09.05"]
[Round "5"]
[White "viktorgen2021"]
[Black "vovachesss"]
[Result "1-0"]
[WhiteElo "2486"]
[BlackElo "2774"]
[TimeControl "180+1"]
[EndTime "8:54:41 PDT"]
[Termination "viktorgen2021 won on time"]

1. Nf3 d5 2. c4 e6 3. g3 g6 4.
Bg2 Bg7 5. O-O Ne7 6. d4 O-O 7. Nc3 b6 8. Ne5 Bb7 9. Qa4 Nbc6 10. cxd5 Nxe5 11. d6 Nd5 12. dxc7 Qxc7 13. Nxd5 Bxd5 14.
Bxd5 exd5 15. dxe5 Qxe5 16. Be3 Qxb2 17. Rad1 Qxe2 18.
Rxd5 Qf3 19. Rfd1 h5 20. h4 Rfe8 21. R5d3 Qe4 22. Qa6 Re7 23. a4 Rae8 24. a5 Qa4 25.
Rd5 Bc3 26. Qd3 Bxa5 27. Rd6 Qe4 28. Qb5 Bc3 29. Rd8 Kg7 30. Qb3 Bf6 31. R8d7 Rxd7 32. Rxd7 Re7 33. Rd6 Qe5 34. Rd5 Qe6 35. Qd3 Rc7 36.
Rd6 Qe5 37. Rxf6 1-0

[Event "Early-Titled-Tuesday-Blitz-September-05-2023"]
[Site "Chess.com"]
[Date "2023.09.05"]
[Round "5"]
[White "Vuk2000"]
[Black "Bugcrusher"]
[Result "1-0"]
[WhiteElo "2750"]
[BlackElo "2325"]
[TimeControl "180+1"]
[EndTime "8:54:41 PDT"]
[Termination "Vuk2000 won by resignation"]

1. d4 e6 2. Nf3 Nf6 3. Bg5 Be7 4. e3 b6 5. c4 Bb7 6. Nc3 O-O 7. Bd3 c5 8. O-O cxd4 9. Nxd4 Nc6 10. Nf3 d5 11. cxd5 Nxd5 12. Bxe7 Ncxe7 13. Nxd5 Nxd5 14. a3 Qf6 15. Qe2 Rac8 16. Rac1 g6 17. Rc4 Rxc4 18. Bxc4 Rc8 19.
Rd1 Kg7 20. h3 h5 21. Rd4 Rc5 22. Qd2 Rc7 23. Be2 Ne7 24. Rf4 Nf5 25. e4 e5 26. Nxe5 Qxe5 27. exf5 Rc2 28. Qxc2 Qxf4 29. Qc3+ Kh7 30. fxg6+ fxg6 31. Bd3 Bd5 32. Qc8 Qg5 33.
Bf1 Qe7 34. Qc3 Bb7 35. Qd4 Qf7 36. Qd1 Qe7 37. Bd3 Kg7 38. Qd2 Qd7 39. Qc3+ Kh7 40. Bf1 Qd5 41. b4 Kg8 42. Bc4 1-0

[Event "Early-Titled-Tuesday-Blitz-September-05-2023"]
[Site "Chess.com"]
[Date "2023.09.05"]
[Round "5"]
[White "Arteler"]
[Black "ChainedDowntohell"]
[Result "1/2-1/2"]
[WhiteElo "2395"]
[BlackElo "2551"]
[TimeControl "180+1"]
[EndTime "8:54:41 PDT"]
[Termination "Game drawn by stalemate"]

1. d4 Nf6 2. Nc3 d5 3. Bf4 a6 4. e3 b5 5. Nf3 Bb7 6. Ne5 Nfd7 7. g4 Nxe5 8. Bxe5 Nd7 9. Bg3 g6 10. Bg2 e6 11. h4 h5 12. gxh5 Rxh5 13. Bf3 Rh6 14. Qe2 c5 15. O-O-O c4 16. e4 Nb6 17. exd5 Nxd5 18. Nxd5 Bxd5 19. h5 c3 20. hxg6 cxb2+ 21. Kxb2 Qa5 22. gxf7+ Kd7 23. Bxd5 Ba3+ 24. Kb1 Qb4+ 25.
Bb3 Qc3 26. f8=N+ Rxf8 27. Bxe6+ Rxe6 28. Rh7+ Kd8 29. Bh4+ Rff6 30. Bxf6+ Rxf6 31. Rh8+ Kd7 32. Qe8+ Kd6 33. Qe5+ Kd7 34. Rh7+ Kd8 35. Qb8+ Qc8 36. Rh8+ Rf8 37. Qxc8+ Kxc8 38. Rxf8+ Bxf8 39. c3 Kd7 40. Kc2 Bd6 41. Rh1 Kc6 42. Rh6 Kd5 43. Kd3 Bf4 44.
Rxa6 b4 45. cxb4 Be3 46. fxe3 1/2-1/2

[Event "Early-Titled-Tuesday-Blitz-September-05-2023"]
[Site "Chess.com"]
[Date "2023.09.05"]
[Round "5"]
[White "Atanejhad"]
[Black "noblerone"]
[Result "1/2-1/2"]
[WhiteElo "2420"]
[BlackElo "2534"]
[TimeControl "180+1"]
[EndTime "8:54:41 PDT"]
[Termination "Game drawn by repetition"]

1. d4 d5 2. c4 c6 3. Nc3 Nf6 4. Nf3 dxc4 5. a4 Bf5 6. Ne5 Nbd7 7. Nxc4 Nb6 8. e3 Nxc4 9. Bxc4 e6 10. a5 a6 11. Qb3 Rb8 12. O-O Bd6 13. f3 Bc7 14.
Qa3 Bg6 15. Rd1 Bd6 16. Qb3 O-O 17. e4 Bc7 18. Be3 Bxa5 19. Ne2 Bc7 20. Rac1 Kh8 21.
Nf4 Nh5 22. Nxg6+ hxg6 23. g4 Nf4 24. Rc2 Qh4 25. e5 Nd5 26. Bf2 Qg5 27. Re2 Nf4 28. Re4 Nh3+ 29. Kg2 Nxf2 30. Kxf2 Qh4+ 31. Kg2 Rfd8 32.
Qe3 g5 33. h3 Bb6 34. f4 gxf4 35. Rxf4 Rd7 36. Rdf1 Rbd8 37. Rxf7 Rxf7 38. Rxf7 Bxd4 39. Qf3 Bxe5 40. Rf8+ Rxf8 41. Qxf8+ Kh7 42. Bd3+ g6 43. Qf7+ Kh8 44. Qf8+ Kh7 45. Qf7+ Kh8 46. Qe8+ Kh7 47. Qf7+ 1/2-1/2

[Event "Early-Titled-Tuesday-Blitz-September-05-2023"]
[Site "Chess.com"]
[Date "2023.09.05"]
[Round "5"]
[White "Rurep26"]
[Black "vladislavkovalev"]
[Result "1-0"]
[WhiteElo "2826"]
[BlackElo "2909"]
[TimeControl "180+1"]
[EndTime "8:54:42 PDT"]
[Termination "Rurep26 won by resignation"]

1. d4 Nf6 2. Bf4 e6 3. e3 d5 4.
Nd2 c5 5. c3 Bd6 6. Bg3 Qc7 7.
Ngf3 Nbd7 8. Bb5 O-O 9. Bxd7 Bxd7 10. Ne5 b5 11. O-O a5 12. f4 b4 13. Rc1 bxc3 14. bxc3 Bb5 15. Rf3 Ne4 16. c4 Nxd2 17. Qxd2 dxc4 18.
Nxc4 Bxc4 19. Rxc4 Rfd8 20. Rf1 Qb7 21. Rd1 Be7 22.
Qc2 cxd4 23. Rcxd4 Rxd4 24. Rxd4 g6 25. h3 Rb8 26. Kh2 Qb2 27. Rc4 Qxc2 28. Rxc2 Rb1 29. Bf2 a4 30. e4 f5 31. exf5 gxf5 32. Rc8+ Kf7 33. Rc7 Ke8 34. Rc2 a3 35. Bd4 Bd6 36. g3 h5 37. h4 Kd7 38. Rd2 Kc6 39. Kg2 Bb4 40. Re2 Kd5 41. Bg7 Rd1 42. Re5+ Kd6 43. Bf8+ Kd7 44. Bxb4 Rd4 45. Be1 Rd1 46. Re3 Rb1 47.
Kf1 Rb2 48. Rxa3 Kc6 1-0

[Event "Early-Titled-Tuesday-Blitz-September-05-2023"]
[Site "Chess.com"]
[Date "2023.09.05"]
[Round "5"]
[White "Ural_bogatyr"]
[Black "effefe"]
[Result "1-0"]
[WhiteElo "2551"]
[BlackElo "2357"]
[TimeControl "180+1"]
[EndTime "8:54:42 PDT"]
[Termination "Ural_bogatyr won on time"]

1. d4 Nf6 2. Nc3 g6 3. e4 d6 4. Nf3 Bg7 5. Be3 c6 6. Qd2 b5 7. Bd3 Nbd7 8. Bh6 Bxh6 9. Qxh6 b4 10. Ne2 Qa5 11. O-O Qh5 12. Qd2 Qa5 13. a3 Rb8 14. b3 c5 15. axb4 Qxb4 16. Qxb4 Rxb4 17. Rxa7 cxd4 18.
Nexd4 Rb7 19. Rfa1 O-O 20. Nc6 Re8 21. e5 dxe5 22. Nfxe5 Nxe5 23. Nxe5 Rxa7 24. Rxa7 Nd5 25. Bc4 Be6 26. Nc6 Kf8 27. Nd4 Rd8 28. Nxe6+ fxe6 29. g3 Kf7 30. Kg2 Kf6 31. Ra6 Ke5 32. Ra7 Re8 33.
Kf3 Kd4 34. Bd3 e5 35. Ke2 e6 36. f3 Kc5 37. Kd2 Rh8 38. Be4 Nb4 39. Rd7 Nd5 40. c3 Nf6 41. b4+ Kb6 42. Rb7+ Ka6 43. Re7 Nxe4+ 44. fxe4 Kb5 45. Kc2 Kc6 46. Rxe6+ Kd7 47.
Rxe5 Rf8 48. Rd5+ Kc6 49. Rd2 Rf3 50. Re2 Kb5 51. Kb3 h5 52. e5 g5 53. e6 Rf8 54.
e7 Re8 55. c4+ Kc6 56. b5+ Kc5 57. Kc3 g4 58. Kb3 Kd6 59. Kb4 Kd7 60. c5 Kc7 61. b6+ Kc6 62. Kc4 Kd7 63. Kb5 Kc8 64. c6 h4 65. gxh4 g3 66. hxg3 Kb8 67. Kc5 Kc8 68.
Kd6 Kb8 69. Kd7 1-0